 Dungeon Crawl Stone Soup version 0.28.0-53-g5a82cb258f (webtiles) character file.

Game seed: 14629161055268598659

80 Jerry the Shield-Bearer (level 4, 0/24 HPs)
             Began as a Vine Stalker Fighter on July 27, 2022.
             Slain by an orc warrior
             ... wielding a +0 flail
              (4 damage)
             ... on level 2 of the Dungeon.
             The game lasted 00:05:07 (1954 turns).

Jerry the Shield-Bearer (Vine Stalker Fighter)      Turns: 1954, Time: 00:05:07

Health: 0/24       AC: 13    Str: 20    XL:     4   Next: 39%
Magic:  0/5        EV:  5    Int:  8    God:
Gold:   106        SH:  5    Dex: 14    Spells: 3/3 levels left

rFire   . . .      SeeInvis .   a - +0 long sword
rCold   . . .      Faith    .   c - +0 buckler
rNeg    . . .      Spirit   +   k - +0 plate armour
rPois   .          Reflect  .   (no helmet)
rElec   .          Harm     .   q - scarf {repulsion}
rCorr   .          Rampage  .   h - +0 pair of gloves
Will    .....                   f - +0 pair of boots
Stlth   ..........              (no amulet)
HPRegen 0.88/turn               (no ring)
MPRegen 0.09/turn               (no ring)

@: mighty, repel missiles
A: fangs 2, regeneration 1, magic shield, antimagic bite, no potion heal 2
a: no special abilities


You were on level 2 of the Dungeon.
You visited 1 branch of the dungeon, and saw 3 of its levels.

You collected 106 gold pieces.

Inventory:

Hand Weapons
 a - a +0 long sword (weapon)
Missiles
 g - 2 poisoned darts (quivered)
Armour
 c - a +0 buckler (worn)
 f - a +0 pair of boots (worn)
 h - a +0 pair of gloves (worn)
 i - a +0 cloak
 k - a +0 plate armour (worn)
 m - a +0 leather armour
 q - a scarf of repulsion (worn)
Wands
 r - a wand of flame (8)
Scrolls
 b - a scroll of teleportation {unknown}
 e - a scroll of enchant weapon {unknown}
 n - 2 scrolls of holy word {unknown}
 p - 2 scrolls of identify {unknown}
 s - a scroll of enchant armour {unknown}
Potions
 j - a potion of berserk rage {unknown}
 l - a potion of haste {unknown}
 o - 2 potions of curing {unknown}
 t - a potion of degeneration {unknown}


   Skills:
 + Level 3.2 Fighting
 + Level 2.5 Long Blades
 + Level 2.9 Armour
 + Level 3.2 Shields


You had 3 spell levels left.
You didn't know any spells.
Your spell library was empty.

Dungeon Overview and Level Annotations

Branches:
Dungeon (3/15)

Altars:
Fedhas
Yredelemnul


Innate Abilities, Weirdness & Mutations

You have extremely sharp teeth.
Your natural rate of healing is unusually fast.
When hurt, damage is shared between your health and your magic reserves.
Your bite disrupts and absorbs the magic of your enemies.
Potions cannot restore your health.


Message History

There is a stone staircase leading up here.
The orc warrior hits you with a +0 flail!
You climb upwards.
There is a stone staircase leading down here.
You feel very mighty all of a sudden.
The orc warrior hits you but does no damage.
You completely miss the orc warrior.
The orc warrior hits you with a +0 flail.
You hit the orc warrior but do no damage.
Your bite misses the orc warrior.
The orc warrior hits you with a +0 flail.
The orc warrior hits you but does no damage.
You completely miss the orc warrior.
The orc warrior hits you but does no damage.
You hit the orc warrior. You bite the orc warrior. You drain its power.
You feel invigorated.
The orc warrior is moderately wounded.
The orc warrior hits you with a +0 flail.
* * * LOW HITPOINT WARNING * * *
You hit the orc warrior but do no damage.
Your bite misses the orc warrior.
The orc warrior is moderately wounded.
You block the orc warrior's attack.
The orc warrior hits you but does no damage.
You closely miss the orc warrior.
The orc warrior is moderately wounded.
The orc warrior hits you with a +0 flail.
You barely miss the orc warrior. You bite the orc warrior. You drain its power.
You feel invigorated.
The orc warrior is heavily wounded.
The orc warrior hits you but does no damage.
You hit the orc warrior but do no damage.
The orc warrior is heavily wounded.
The orc warrior hits you with a +0 flail!
* * * LOW HITPOINT WARNING * * *
You block the orc warrior's attack.
You closely miss the orc warrior.
The orc warrior is heavily wounded.
The orc warrior hits you with a +0 flail.
You die...

♣♣♣♣♣.♣P.# ##..#
P♣P♣..♣..####..#
...♣P.P........##
...♣..P.#..(....#
#..♣P.#.#.....#.##
##...............#
####.####........#
####.#########.#o#
................@#
.......#######.###
.......# #.#
.......# #.#
.......# #.#
.......# #.#
.......# #.#
.......#
#.############
.......##
#.##.........##


You could see an orc warrior.

Vanquished Creatures
  A gnoll (D:1)
  3 adders (D:2)
  A worm (D:2)
  2 dart slugs (D:2)
  4 endoplasms
  A giant cockroach (D:1)
  4 goblins
  4 hobgoblins
  4 jackals (D:1)
  2 quokkas (D:1)
  A bat (D:2)
  3 kobolds
  6 rats
36 creatures vanquished.

Vanquished Creatures (others)
  3 plants (D:2)
3 creatures vanquished.

Grand Total: 39 creatures vanquished

Notes
Turn   | Place    | Note
-------+----------+-------------------------------------------
     0 | D:1      | Jerry the Vine Stalker Fighter began the quest for the Orb.
     0 | D:1      | Reached XP level 1. HP: 11/11 MP: 2/2
   181 | D:1      | Reached XP level 2. HP: 16/16 MP: 3/3
   442 | D:1      | Reached XP level 3. HP: 20/20 MP: 4/4
  1048 | D:2      | Found a faded altar of an unknown god.
  1407 | D:2      | Gained mutation: Your natural rate of healing is unusually
                  | fast. [Vine Stalker growth]
  1407 | D:2      | Reached XP level 4. HP: 20/24 MP: 3/5
  1716 | D:3      | Found a basalt altar of Yredelemnul.
  1748 | D:3      | Found a blossoming altar of Fedhas.
  1858 | D:3      | Noticed an orc warrior
  1859 | D:3      | Noticed a centaur
  1954 | D:2      | Slain by an orc warrior

Illustrated notes

Levels and vault maps discovered:
D:1:      nzn_arrival_depleted_hourglass, layout_loops_ring, minmay_tripent
D:2:      layout_basic, chequers_ecumenical_altar_simple_redux, serial_forest,
          infiniplex_forest_zigzag_2, infiniplex_forest_lined_room_2,
          infiniplex_forest_clump_tiny, infiniplex_forest_end_double,
          infiniplex_forest_clump_cross, infiniplex_forest_clump_small,
          infiniplex_forest_split, hangedman_decor_riveting,
          serial_bayou_crossing
D:3:      layout_loops_ring, mainiacjoe_overflow_catch_the_wave, st_stairs_9,
          minmay_checkerbox

Skill      XL: |  1  2 |
---------------+-------+-----
Long Blades    | 2 |  2.5
Shields        | 3 |  3.2
Fighting       | 3 |  3.2
Armour         | |  2.9

Action                   |  1- 3 |  4- 6 || total
-------------------------+-------+-------++-------
Melee: Long sword        |    87 |    26 ||   113
       Bite              |    24 |     6 ||    30
  Use: Potion            |       |     1 ||     1
Armor: Scale mail        |    13 |       ||    13
       Plate armour      |    35 |    22 ||    57
Dodge: Dodged            |    29 |     5 ||    34
Block: Buckler           |    17 |     7 ||    24
